 Dungeon Crawl Stone Soup version 0.31-a0-523-g071a6c1ffa (webtiles) character file.

Game seed: 3620782408816132958

9244 Gargoyl the Cleaver (level 11, -2/71 HPs)
             Began as a Gargoyle Berserker on Aug 11, 2023.
             Was a Priest of Trog.
             Slain by a cane toad (16 damage)
             ... on level 1 of the Lair of Beasts.
             The game lasted 00:12:07 (8136 turns).

Gargoyl the Cleaver (Gargoyle Berserker)            Turns: 8136, Time: 00:12:08

Health: -2/71      AC: 23    Str: 21    XL:     11   Next: 43%
Magic:  11/11      EV: 12    Int:  6    God:    Trog [***...]
Gold:   728        SH:  0    Dex: 15    Spells: 10/10 levels left

rFire   + . .        q - +3 hand axe (elec)
rCold   . . .        (no shield)
rNeg    + . .        p - +2 scale mail {rF+}
rPois   ∞            (no helmet)
rElec   +            u - +0 cloak
rCorr   .            j - +1 Delatra's gloves {ID++}
SInv    .            f - +0 pair of boots
Will    ++...        (no amulet)
Stlth   +++          (no ring)
HPRegen 1.31/turn    (no ring)
MPRegen 0.12/turn

%: no passive effects
@: strong-willed, on berserk cooldown, regenerating, slowed, very slow
A: sickness immunity, AC +8, negative energy resistance 1, electricity
resistance, torment resistance 1, petrification resistance, thin skeletal
structure 1, dopey 1, wild magic 1
a: Renounce Religion, Berserk, Trog's Hand


You were on level 1 of the Lair of Beasts.
You worshipped Trog.
Trog was most pleased with you.
You visited 2 branches of the dungeon, and saw 10 of its levels.
You also visited: Sewer and Ossuary.

You collected 728 gold pieces.

Inventory:

Hand Weapons
 a - a +0 hand axe
 h - a +2 war axe
 q - a +3 hand axe of electrocution (weapon)
 w - a +3 flail
 y - the +7 falchion "Enytih" {flame, rC+++ rN+ Stlth-}
   (You found it on level 9 of the Dungeon)

   rC+++:     It renders you almost immune to cold.
   rN+:       It protects you from negative energy.
   Stlth-:    It makes you less stealthy.
Armour
 f - a +0 pair of boots (worn)
 j - the +1 Delatra's gloves (worn) {ID++}
   (You found it on level 2 of the Dungeon)

   ID++:      It heals its wearer when they drink unknown potions, and restores
   their MP when they read unknown scrolls.
 p - a +2 scale mail of fire resistance (worn)
 u - a +0 cloak (worn)
Jewellery
 e - a ring of flight
Wands
 x - a wand of paralysis (21)
Scrolls
 c - 9 scrolls of identify
 i - a scroll of poison
 m - a scroll of fog
 n - 2 scrolls of teleportation
 s - 4 scrolls of enchant weapon
 t - a scroll of acquirement {unknown}
 v - a scroll of revelation
Potions
 b - 3 potions of mutation
 d - 6 potions of haste
 g - 2 potions of enlightenment
 k - 4 potions of curing
 l - a potion of heal wounds
 o - a potion of might {unknown}
 r - a potion of attraction {unknown}
 z - a potion of berserk rage {unknown}


   Skills:
 + Level 9.0 Fighting
 + Level 11.3 Axes
 + Level 8.9 Armour
 + Level 4.7 Dodging
 + Level 5.0 Stealth


You had 10 spell levels left.
You didn't know any spells.
Your spell library was empty.

Dungeon Overview and Level Annotations

Branches:
Dungeon (9/15)             Temple (0/1) D:4            Lair (1/5) D:8
  Sewer (visited)         Ossuary (visited)
    Orc: D:9-12

Altars:
Hepliaklqana
Okawaru
Vehumet

Shops:
D:9 *


Innate Abilities, Weirdness & Mutations

You are immune to sickness and miasma.
Your stone body is resilient. (AC +8)
You are immune to poison.
You resist negative energy. (rN+)
You are resistant to electric shocks. (rElec)
You are resistant to unholy torment.
You are immune to petrification.
You have a somewhat thin skeletal structure. (Dex +2, Stealth+)
You are dopey. (Int -2)
Your spells are a little harder to cast, but a little more powerful.


Message History

The yak closely misses you. The yak gores you but does no damage.
The yak closely misses you. The yak completely misses you. The yak gores you!
The yak attacks as you move away! The yak completely misses you.
The yak attacks as you move away! The yak closely misses you.
Your surroundings suddenly seem different.
A rime drake comes into view.
Found a potion of enlightenment and a scroll of identify.
You start resting.
Your skin stops crawling.
You feel less strong-willed.
You start resting.
A cane toad is nearby!
A cane toad is nearby!
A cane toad is nearby!
The cane toad stings you!
You hit the cane toad.
The cane toad is lightly wounded.
You hit the plant.
The plant begins to die.
Lightning courses through the plant!! The cane toad closely misses you.
The cane toad stings you!
* * * LOW HITPOINT WARNING * * *
You hit the cane toad but do no damage.
The cane toad is lightly wounded.
You hit the plant. The cane toad closely misses you.
You slash the cane toad!
The cane toad is moderately wounded.
You slash the plant! The cane toad closely misses you.
Unknown command.
Your skin crawls.
You feel strong-willed.
You can no longer call in reinforcements.
A nearby plant withers and dies.
The cane toad misses you.
The cane toad stings you but does no damage.
You slash the cane toad!
The cane toad is heavily wounded.
The cane toad stings you!
* * * LOW HITPOINT WARNING * * *
You hit the cane toad.
The cane toad is severely wounded.
The cane toad stings you!
You die...

#.......#... #.# ....
.##...F.....#..... ..##
.......Y....##.... ..#..
#...YYY..##..#.+#.!...
#...Y†Y..##...........
..###...Y.Y..##...........
..P#..?.†....##..#...#
.............#P..#..####.
..##...........F@.........
#.###........#..##...##...
#.# #................# #
#.###................#
#.##...................
...†..................##
P.###................##
#.# #................. ..#
#.............


You could see a cane toad.

Vanquished Creatures
  A two-headed ogre (D:8)
  A black mamba (Lair:1)
  The ghost of magaron the Chopper, a novice MiFi (D:7)
  A cane toad (Lair:1)
  3 komodo dragons
  A troll (D:7)
  2 wyverns
  A shadow (D:9)
  10 yaks (Lair:1)
  A wraith (D:9)
  A vampire (D:8)
  2 steam dragons
  A basilisk (D:8)
  An acid dragon (D:9)
  An orc warrior (D:9)
  5 water moccasins
  A swamp drake (D:8)
  3 ice beasts
  Pargi (Sewer)
  A black bear (D:8)
  A sky beast (D:8)
  3 ogres (D:5)
  2 centaurs (D:8)
  An elf zombie (D:6)
  4 bullfrogs
  3 elf skeletons (D:6)
  A gnoll sergeant (D:9)
  A scorpion (D:6)
  7 wights (D:8)
  3 killer bees (D:9)
  4 howler monkeys (D:8)
  2 centaur zombies (Ossuary)
  3 human zombies
  4 hounds
  2 gnoll boudas
  4 orc priests
  5 iguanas
  2 human skeletons (D:6)
  9 orc wizards
  5 mummies (Ossuary)
  9 adders
  9 gnolls
  3 shadow imps
  3 white imps (D:7)
  An ufetubus (D:6)
  A worm (D:3)
  35 orcs
  4 endoplasms
  2 giant cockroaches
  8 goblins
  4 hobgoblins
  3 jackals (D:1)
  3 quokkas
  5 ball pythons
  12 bats
  2 frilled lizards
  2 hobgoblin zombies (Ossuary)
  8 kobolds
  4 orc skeletons (D:6)
  2 orc zombies (Ossuary)
  A rat (D:3)
226 creatures vanquished.

Vanquished Creatures (others)
  2 orcs
2 creatures vanquished.

Grand Total: 228 creatures vanquished

Notes
Turn   | Place    | Note
-------+----------+-------------------------------------------
     0 | D:1      | Gargoyl the Gargoyle Berserker began the quest for the Orb.
     0 | D:1      | Reached XP level 1. HP: 14/14 MP: 1/1
   206 | D:1      | Reached XP level 2. HP: 18/19 MP: 2/2
   284 | D:1      | Reached skill level 3 in Axes
   404 | D:1      | Gained mutation: You are dopey. (Int -2) [potion of
                  | mutation]
   404 | D:1      | Gained mutation: You have a somewhat thin skeletal
                  | structure. (Dex +2, Stealth+) [potion of mutation]
   404 | D:1      | Gained mutation: Your spells are a little harder to cast,
                  | but a little more powerful. [potion of mutation]
   762 | D:1      | Reached XP level 3. HP: 20/24 MP: 3/3
  1048 | D:2      | Found a hazy altar of Hepliaklqana.
  1120 | D:2      | Reached ** piety under Trog
  1494 | D:2      | Found the +1 Delatra's gloves {ID++}
  1501 | D:2      | Reached XP level 4. HP: 29/29 MP: 4/4
  1895 | D:3      | Found an iron altar of Okawaru.
  1909 | D:3      | Reached XP level 5. HP: 33/33 MP: 5/5
  1910 | D:3      | Reached skill level 4 in Axes
  1910 | D:3      | Reached skill level 1 in Stealth
  2448 | D:4      | Found a staircase to the Ecumenical Temple.
  2565 | D:4      | Reached XP level 6. HP: 39/39 MP: 6/6
  2866 | D:5      | Entered Level 5 of the Dungeon
  2928 | D:5      | Reached skill level 5 in Axes
  2928 | D:5      | Reached XP level 7. HP: 18/44 MP: 7/7
  3197 | D:5      | Found a glowing drain.
  3208 | Sewer    | Entered a sewer
  3239 | Sewer    | Noticed Pargi
  3254 | Sewer    | Killed Pargi
  3723 | D:6      | Reached skill level 5 in Fighting
  3723 | D:6      | Reached skill level 6 in Axes
  3797 | D:6      | Reached XP level 8. HP: 49/49 MP: 8/8
  3967 | D:6      | Reached skill level 7 in Axes
  3994 | D:6      | Found a sand-covered staircase.
  4001 | D:6      | Reached *** piety under Trog
  4005 | Ossuary  | Entered an ossuary
  4439 | D:6      | Found a radiant altar of Vehumet.
  4590 | D:6      | Reached skill level 8 in Axes
  4936 | D:6      | Reached skill level 5 in Armour
  4948 | D:6      | Reached XP level 9. HP: 49/55 MP: 9/9
  5254 | D:7      | Noticed magaron's ghost (novice MiFi)
  5257 | D:7      | Found a runed translucent door.
  5273 | D:7      | Noticed a troll
  5286 | D:7      | Killed a troll
  5776 | D:7      | Killed magaron's ghost
  5777 | D:7      | Reached skill level 9 in Axes
  5857 | D:8      | Reached **** piety under Trog
  5873 | D:8      | Reached XP level 10. HP: 29/63 MP: 10/10
  5936 | D:8      | Noticed a two-headed ogre
  5947 | D:8      | Killed a two-headed ogre
  6247 | D:8      | Reached skill level 10 in Axes
  6872 | D:8      | Found a staircase to the Lair.
  7330 | D:9      | Identified the +7 falchion "Enytih" {flame, rC+++ rN+
                  | Stlth-}
  7764 | D:9      | Found Odeoson's Gadget Gallery.
  7991 | Lair:1   | Entered Level 1 of the Lair of Beasts
  8001 | Lair:1   | Noticed a black mamba
  8019 | Lair:1   | Killed a black mamba
  8020 | Lair:1   | Reached XP level 11. HP: 69/69 MP: 11/11
  8083 | Lair:1   | Reached skill level 11 in Axes
  8089 | Lair:1   | Reached skill level 5 in Stealth
  8136 | Lair:1   | Slain by a cane toad

Illustrated notes

Levels and vault maps discovered:
D:1:      dpeg_arrival_rooms_c, layout_loops_corners, serial_glass,
          glass_columns_a, glass_columns_a
D:2:      layout_rooms, basic_altar, pf_guarded_unrand_delatra
D:3:      layout_loops_ring, okawaru_metal_pillars_1_2,
          chequers_serial_rivers_small_b
D:4:      layout_rooms, minmay_temple_entry_drinking_statues
D:5:      layout_loops_cross, portal_sewer_entry_d
D:6:      layout_rooms, mainiacjoe_overflow_alcove_1,
          nicolae_ossuary_entry_catacombs, hangedman_glass_teeth,
          chequers_serial_rivers_micro_b, lemuel_flamethrower_2
D:7:      layout_rooms, hellmonk_ghost_happy_afterlife, grunt_ministairs_9
D:8:      layout_basic, erik_lair_dragon, nicolae_wwwww,
          minmay_increasing_density
D:9:      layout_irregular_city, serial_column_ruins,
          column_ruins_square_medium, column_ruins_corridor_plus,
          column_ruins_open_small, column_ruins_grid_1,
          column_ruins_corridor_corner, column_ruins_corridor_T,
          column_ruins_open_medium, column_ruins_grid_3, nicolae_shop_gadgets
Lair:1:   layout_gridlike, lemuel_fruit_tree, grunt_megastairs_2

Skill      XL: |  1  2  3  4  5  6  7  8  9 10 11 |
---------------+----------------------------------+-----
Axes           | 3 4 5 6 8 9 10 11 | 11.3
Fighting       | 4 5 7 8 9 |  9.0
Armour         | 3 4 5 6 8 |  8.9
Dodging        | 2 3 4 |  4.7
Stealth        | 1 2 3 4 5 |  5.0

Action                     |  1- 3 |  4- 6 |  7- 9 | 10-12 || total
---------------------------+-------+-------+-------+-------++-------
  Melee: Hand axe          |   100 |     8 |    69 |   203 ||   380
         War axe           |       |    82 |   246 |       ||   328
         Punch             |       |       |     7 |     2 ||     9
 Invoke: Berserk           |     1 |     3 |     9 |     6 ||    19
         Trog's Hand       |       |     1 |     4 |     8 ||    13
    Use: Scroll            |     6 |     6 |     6 |     1 ||    19
         Potion            |     1 |       |       |     1 ||     2
   Stab: Sleeping          |     2 |     3 |     7 |       ||    12
         Distracted        |       |       |       |     1 ||     1
         Confused          |       |       |       |     1 ||     1
 Armour: Animal skin       |     5 |       |       |       ||     5
         Ring mail         |    33 |    38 |       |       ||    71
         Scale mail        |       |     7 |   221 |   109 ||   337
  Dodge: Dodged            |    82 |    52 |   164 |   108 ||   406

Table legend: (Time is in decaauts)
 A = Elapsed time spent in this place.
 B = Non-inter-level travel time spent in this place.
 C = Inter-level travel time spent in this place.
 D = Time resting spent in this place.
 E = Time spent auto-exploring this place.
 F = Levels seen in this place.
 G = Mean time per level.
                   A        B        C        D        E       F      G
               +--------+--------+--------+--------+--------+-----+--------+
         Total |   8325 |   7965 |    360 |    406 |   5391 |  12 |  693.8 |
       Dungeon |   7733 |   7374 |    359 |    265 |   5258 |   9 |  859.2 |
          Lair |    134 |    134 |      0 |      7 |     33 |   1 |  134.0 |
         Sewer |     99 |     99 |      0 |      0 |     50 |   1 |   99.0 |
       Ossuary |    357 |    357 |      0 |    134 |     50 |   1 |  357.0 |
               +--------+--------+--------+--------+--------+-----+--------+

Top non-repeatable levels by time:
     D:8: 1369 daAuts
     D:6: 1135 daAuts
     D:1: 1051 daAuts
     D:9: 819 daAuts
     D:5: 798 daAuts
     D:3: 751 daAuts
     D:7: 687 daAuts
     D:2: 618 daAuts
     D:4: 502 daAuts
 Ossuary: 357 daAuts
  Lair:1: 134 daAuts
   Sewer: 99 daAuts
